 Dungeon Crawl Stone Soup version 0.22.0-5-gf09313c (webtiles) character file.

364 corax the Thrower (level 6, -3/51 HPs)
             Began as a Gnoll Hunter on Aug 13, 2018.
             Slain by a goblin
             ... wielding a cursed -2 dagger
             ... led by Robin
              (4 damage)
             ... on level 4 of the Dungeon.
             The game lasted 00:07:03 (3283 turns).

corax the Thrower (Gnoll Hunter)                    Turns: 3283, Time: 00:07:03

Health: -3/51      AC:  2    Str: 16    XL:     6   Next: 67%
Magic:  9/9        EV: 15    Int: 14    God:
Gold:   69         SH:  0    Dex: 15    Spells: 9/9 levels left

rFire    + . .     SeeInvis .   b - +0 hunting sling
rCold    + + .     Gourm    .   (no shield)
rNeg     . . .     Faith    .   s - +0 robe {MR+}
rPois    +         Spirit   .   (no helmet)
rElec    +         Reflect  .   (no cloak)
rCorr    +         Harm     .   (no gloves)
MR       +....                  (no boots)
Stlth    +.........             (no amulet)
HPRegen  0.17/turn              r - ring of protection from cold
MPRegen  0.11/turn              (no ring)

@: confused, lethally poisoned (-3 -> -34), resistant
A: distributed training, fangs 1, strong nose
a: no special abilities


You were on level 4 of the Dungeon.
You were not hungry.

You visited 1 branch of the dungeon, and saw 4 of its levels.

You collected 69 gold pieces.

Inventory:

Hand Weapons
 a - a +0 short sword
 b - a +0 hunting sling (weapon)
Missiles
 c - 4 javelins
 e - 9 poisoned needles
 i - 28 stones (quivered)
 p - 5 tomahawks
 v - 18 sling bullets
Armour
 s - a +0 robe of magic resistance (worn)
Jewellery
 r - a ring of protection from cold (left hand)
Wands
 u - a wand of paralysis (13)
Scrolls
 g - a scroll of blinking {unknown}
 h - 2 scrolls of enchant weapon {unknown}
 k - 3 scrolls of identify {unknown}
 m - a scroll of magic mapping {unknown}
 n - 3 scrolls of remove curse {unknown}
 o - a scroll of teleportation {unknown}
Potions
 d - a potion of might {unknown}
 j - a potion of brilliance {unknown}
 l - a potion of ambrosia
 q - a potion of resistance
 t - a potion of flight {unknown}
Comestibles
 f - 5 rations


   Skills:
 + Level 5.0 Fighting
 + Level 2.0 Short Blades
 + Level 2.0 Long Blades
 + Level 2.0 Axes
 + Level 2.0 Maces & Flails
 + Level 2.0 Polearms
 + Level 2.0 Staves
 + Level 2.0 Slings
 + Level 2.0 Bows
 + Level 2.0 Crossbows
 + Level 8.8 Throwing
 + Level 2.0 Armour
 + Level 5.0 Dodging
 + Level 3.1 Stealth
 + Level 2.0 Shields
 + Level 2.0 Unarmed Combat
 + Level 2.0 Spellcasting
 + Level 1.6 Conjurations
 + Level 1.6 Hexes
 + Level 1.6 Charms
 + Level 1.6 Summonings
 + Level 1.6 Necromancy
 + Level 1.6 Translocations
 + Level 1.6 Transmutations
 + Level 1.6 Fire Magic
 + Level 1.6 Ice Magic
 + Level 1.6 Air Magic
 + Level 1.6 Earth Magic
 + Level 1.6 Poison Magic
 + Level 2.2 Invocations
 + Level 2.0 Evocations


You had 9 spell levels left.
You didn't know any spells.
Your spell library was empty.

Dungeon Overview and Level Annotations

Branches:
Dungeon (4/15)
 Temple: D:4-7

Altars:
Fedhas
Gozag
Kikubaaqudgha
Qazlal
Uskayaw

Annotations:
D:4 Robin


Innate Abilities, Weirdness & Mutations

Your experience applies equally to all skills.
You have very sharp teeth.
Your uncanny sense of smell can sniff out nearby items.


Message History

* * * LOW HITPOINT WARNING * * *
You are more poisoned.
The goblin completely misses you.
Quiver which item? (- for none, * to show all) (? for menu, Esc to quit)
Okay, then.
It was a potion of ambrosia.
You are confused.
You feel invigorated.
* * * LOW HITPOINT WARNING * * *
You feel sick. The goblin barely misses you. The goblin hits you with a dagger.
* * * LOW HITPOINT WARNING * * *
It was a potion of resistance.
You feel protected.
* * * LOW HITPOINT WARNING * * *
You feel sick. Robin throws the goblin at you!
* * * LOW HITPOINT WARNING * * *
The goblin hits you but does no damage.
You are more poisoned.
The goblin hits you with a dagger.
You die...

##########.....#
#.........)..###
#............#
#.......>....#
##............#######
#......#(####.......#
#...<..#...(#.......#
#......gg...+.......#
#......#@...#.......#
#......#g...#.......#
#......#'##.#.......#
#.....###.############
#.....#........#
#..)..#........#
.....#######..#
........### ........#


You could see Robin and 2 goblins.

Vanquished Creatures
  A phantom (D:3)
  An orc wizard (D:3)
  An orc priest (D:3)
  Jessica (D:3)
  Natasha (thrice) (D:3)
  3 adders
  2 oozes
  A worm (D:2)
  2 dart slugs
  2 leopard geckos
  8 orcs (D:3)
  2 giant cockroaches (D:2)
  12 goblins
  4 hobgoblins
  7 jackals
  9 kobolds
  4 quokkas
  6 bats
  A frilled lizard (D:2)
  5 rats
75 creatures vanquished.

Notes
Turn   | Place    | Note
-------+----------+-------------------------------------------
     0 | D:1      | corax the Gnoll Hunter began the quest for the Orb.
     0 | D:1      | Reached XP level 1. HP: 20/20 MP: 1/1
   350 | D:1      | Reached XP level 2. HP: 26/26 MP: 2/2
   811 | D:2      | Reached XP level 3. HP: 31/31 MP: 3/3
   959 | D:2      | Reached skill level 1 in Invocations
  1136 | D:2      | Reached skill level 1 in Short Blades
  1136 | D:2      | Reached skill level 1 in Long Blades
  1136 | D:2      | Reached skill level 1 in Axes
  1136 | D:2      | Reached skill level 1 in Maces & Flails
  1136 | D:2      | Reached skill level 1 in Polearms
  1136 | D:2      | Reached skill level 1 in Staves
  1136 | D:2      | Reached skill level 1 in Slings
  1136 | D:2      | Reached skill level 1 in Bows
  1136 | D:2      | Reached skill level 1 in Crossbows
  1136 | D:2      | Reached skill level 1 in Armour
  1136 | D:2      | Reached skill level 1 in Shields
  1136 | D:2      | Reached skill level 1 in Unarmed Combat
  1136 | D:2      | Reached skill level 1 in Spellcasting
  1136 | D:2      | Reached skill level 1 in Evocations
  1185 | D:2      | Reached XP level 4. HP: 37/38 MP: 5/5
  1210 | D:2      | Found an opulent altar of Gozag.
  1260 | D:2      | Found a blossoming altar of Fedhas.
  1260 | D:2      | Found an opulent altar of Gozag.
  1265 | D:2      | Found a hide-covered altar of Uskayaw.
  1268 | D:2      | Found a stormy altar of Qazlal.
  1270 | D:2      | Found an ancient bone altar of Kikubaaqudgha.
  1492 | D:3      | Reached skill level 1 in Conjurations
  1492 | D:3      | Reached skill level 1 in Hexes
  1492 | D:3      | Reached skill level 1 in Charms
  1492 | D:3      | Reached skill level 1 in Summonings
  1492 | D:3      | Reached skill level 1 in Necromancy
  1492 | D:3      | Reached skill level 1 in Translocations
  1492 | D:3      | Reached skill level 1 in Transmutations
  1492 | D:3      | Reached skill level 1 in Fire Magic
  1492 | D:3      | Reached skill level 1 in Ice Magic
  1492 | D:3      | Reached skill level 1 in Air Magic
  1492 | D:3      | Reached skill level 1 in Earth Magic
  1492 | D:3      | Reached skill level 1 in Poison Magic
  1510 | D:3      | Reached XP level 5. HP: 18/43 MP: 5/7
  1579 | D:3      | Noticed a phantom
  1591 | D:3      | Killed a phantom
  1679 | D:3      | Reached XP level 6. HP: 14/50 MP: 8/8
  2033 | D:3      | Noticed Natasha
  2034 | D:3      | Killed Natasha
  2198 | D:3      | Noticed Natasha
  2208 | D:3      | Killed Natasha
  2785 | D:3      | Noticed Natasha
  2786 | D:3      | Killed Natasha
  2786 | D:3      | Reached skill level 5 in Fighting
  2786 | D:3      | Reached skill level 5 in Dodging
  2809 | D:3      | Noticed Jessica
  2812 | D:3      | Killed Jessica
  3251 | D:4      | Noticed Robin
  3281 | D:4      | HP: 1/51 [goblin/dagger of venom[Robin] (6)]
  3283 | D:4      | Slain by a goblin

Skill      XL: |  1  2  3  4  5  6 |
---------------+-------------------+-----
Invocations    | 1 2 |  2.2
Short Blades   | 1 2 |  2.0
Long Blades    | 1 2 |  2.0
Axes           | 1 2 |  2.0
Maces & Flails | 1 2 |  2.0
Polearms       | 1 2 |  2.0
Staves         | 1 2 |  2.0
Slings         | 1 2 |  2.0
Bows           | 1 2 |  2.0
Crossbows      | 1 2 |  2.0
Armour         | 1 2 |  2.0
Shields        | 1 2 |  2.0
Unarmed Combat | 1 2 |  2.0
Spellcasting   | 1 2 |  2.0
Evocations     | 1 2 |  2.0
Conjurations   | 1 |  1.6
Hexes          | 1 |  1.6
Charms         | 1 |  1.6
Summonings     | 1 |  1.6
Necromancy     | 1 |  1.6
Translocations | 1 |  1.6
Transmutations | 1 |  1.6
Fire Magic     | 1 |  1.6
Ice Magic      | 1 |  1.6
Air Magic      | 1 |  1.6
Earth Magic    | 1 |  1.6
Poison Magic   | 1 |  1.6
Stealth        | 3 |  3.1
Fighting       | 5 |  5.0
Dodging        | 5 |  5.0
Throwing       | |  8.8

Action                   |  1- 3 |  4- 6 || total
-------------------------+-------+-------++-------
Melee: Short sword       |   110 |   128 ||   238
       Bite              |     9 |     6 ||    15
       Punch             |       |     1 ||     1
 Fire: Hunting sling     |       |    18 ||    18
Throw: Javelin           |     6 |    23 ||    29
       Stone             |       |    12 ||    12
  Use: Potion            |       |     2 ||     2
 Stab: Sleeping          |     5 |     4 ||     9
  Eat: Chunk             |       |     5 ||     5
       Ration            |       |     1 ||     1
Armor: Leather armour    |    28 |    21 ||    49
       Robe              |       |     8 ||     8
Dodge: Dodged            |    80 |   131 ||   211
